 Dungeon Crawl Stone Soup version 0.21-a0-536-gdbbf329 (webtiles) character file.

919 slep the Chopper (level 7, -8/53 HPs)
             Began as a Demonspawn Gladiator on Dec 15, 2017.
             Mangled by an ogre
             ... wielding a +0 giant club
              (25 damage)
             ... on level 7 of the Dungeon.
             The game lasted 00:10:49 (2637 turns).

slep the Chopper (Demonspawn Gladiator)             Turns: 2637, Time: 00:10:50

Health: -8/53      AC:  9    Str: 15    XL:     7   Next: 83%
Magic:  7/7        EV: 11    Int: 10    God:
Gold:   96         SH:  0    Dex: 15    Spells: 6/6 levels left

rFire    + . .     SeeInvis .   o - +2 hand axe (freeze)
rCold    x . .     Gourm    .   (no shield)
rNeg     . . .     Faith    .   x - +0 scale mail
rPois    .         Spirit   .   c - +0 helmet
rElec    .         Reflect  .   (no cloak)
rCorr    .         Harm     .   (no gloves)
MR       .....                  (no boots)
Stlth    +.........             (no amulet)
HPRegen  0.17/turn              l - ring of fire
MPRegen  0.10/turn              (no ring)

@: no status effects
A: iridescent scales 1, demonic guardian 1
a: no special abilities


You were on level 7 of the Dungeon.
You were not hungry.

You visited 1 branch of the dungeon, and saw 7 of its levels.
You also visited: Ossuary.

You collected 106 gold pieces.
You spent 10 gold pieces at shops.

Inventory:

Hand Weapons
 a - a +0 war axe
 o - a +2 hand axe of freezing (weapon)
Missiles
 d - 3 throwing nets (quivered)
Armour
 b - a +0 leather armour
 c - a +0 helmet (worn)
 x - a +0 scale mail (worn)
Jewellery
 l - a ring of fire (left hand)
Wands
 w - a wand of disintegration (7)
 y - a wand of digging (18)
Scrolls
 e - 4 scrolls of remove curse {unknown}
 f - a scroll of random uselessness {unknown}
 g - 2 scrolls of fog {unknown}
 h - a scroll of immolation {unknown}
 i - 3 scrolls of identify {unknown}
 k - 2 scrolls of magic mapping {unknown}
 m - 3 scrolls of amnesia {unknown}
 q - a scroll of teleportation {unknown}
 u - a scroll of enchant weapon {unknown}
 A - a scroll of noise {unknown}
Potions
 j - a potion of brilliance
 p - a potion of curing
 r - 3 potions of haste {unknown}
 s - 2 potions of invisibility {unknown}
 t - 2 potions of degeneration
 z - a potion of berserk rage {unknown}
 B - a potion of resistance {unknown}
 C - 2 potions of agility {unknown}
Comestibles
 n - 2 meat rations
 v - a royal jelly
 D - 6 chunks of flesh


   Skills:
 + Level 3.8 Fighting
 + Level 6.3 Axes
 + Level 1.8 Throwing
 + Level 3.1 Armour
 + Level 3.9 Dodging
 + Level 2.1 Stealth


You had 6 spell levels left.
You didn't know any spells.

Dungeon Overview and Level Annotations

Branches:
Dungeon (7/15)
 Temple: D:4-7

Altars:
Trog

Shops:
D:4 **


Innate Abilities, Weirdness & Mutations

You are partially covered in iridescent scales. (AC +2)
A weak demonic guardian rushes to your aid.


Message History

You feel sick.
You see here an adder corpse.
You butcher the adder corpse.
An ogre comes into view. It is wielding a giant club.
You see here a chunk of flesh.
An ogre is nearby!
An ogre is nearby!
The ogre shouts!
You swap places.
You feel sick.
Your white imp closely misses the ogre.
You barely miss the ogre.
Your white imp barely misses the ogre.
The ogre hits you with a giant club!
You closely miss the ogre.
You feel sick.
You are no longer poisoned.
Your white imp hits the ogre but does no damage.
You hit the ogre. You freeze the ogre.
The ogre is lightly wounded.
The ogre hits you with a giant club!!
You die...

#.# #.# .. #.#
.. ... .#
#.###.##
#.##...####
#.##.#...?.
.########.##55.#
..........5@O.#
.......<..#####
###########


You could see an ogre, 2 friendly iron imps and a friendly white imp.

Vanquished Creatures
  A black bear (D:6)
  3 elf zombies (Ossuary)
  A bullfrog (D:7)
  5 centaur zombies (Ossuary)
  An orc priest (D:6)
  2 human zombies (Ossuary)
  A bullfrog skeleton (D:6)
  A worker ant (D:5)
  3 mummies (Ossuary)
  An adder (D:7)
  An adder skeleton (D:6)
  A worm (D:2)
  3 dart slugs
  2 leopard geckos
  2 orcs
  2 giant cockroaches
  3 goblins
  7 hobgoblins
  2 kobolds (D:1)
  A quokka (D:6)
  7 bats
  A frilled lizard (D:2)
  A goblin zombie (D:6)
  2 rats
  A rat zombie (D:6)
55 creatures vanquished.

Vanquished Creatures (collateral kills)
  A phantom (D:5)
  An elf zombie (Ossuary)
  A scorpion (D:6)
  A howler monkey (D:6)
  A centaur zombie (Ossuary)
  A jelly (D:5)
6 creatures vanquished.

Vanquished Creatures (others)
  An orc wizard (D:6)
1 creature vanquished.

Grand Total: 62 creatures vanquished

Notes
Turn   | Place    | Note
-------+----------+-------------------------------------------
     0 | D:1      | slep the Demonspawn Gladiator began the quest for the Orb.
     0 | D:1      | Reached XP level 1. HP: 16/16 MP: 1/1
   137 | D:1      | Gained mutation: You are partially covered in iridescent scales. (AC +2) [demonic ancestry]
   137 | D:1      | Reached XP level 2. HP: 11/22 MP: 2/2
   327 | D:1      | Reached skill level 3 in Axes
   732 | D:2      | Gained mutation: A weak demonic guardian rushes to your aid. [demonic ancestry]
   732 | D:2      | Reached XP level 3. HP: 27/27 MP: 3/3
   941 | D:3      | Found a bloodstained altar of Trog.
  1031 | D:4      | Noticed an ogre
  1114 | D:4      | Found Itoluk's General Store.
  1119 | D:4      | Bought a potion of degeneration for 10 gold pieces
  1195 | D:4      | Found Cusish's Assorted Antiques.
  1246 | D:5      | Entered Level 5 of the Dungeon
  1255 | D:5      | Reached skill level 1 in Stealth
  1256 | D:5      | Noticed a phantom
  1274 | D:5      | Reached XP level 4. HP: 24/34 MP: 4/4
  1279 | D:5      | Killed a phantom
  1279 | D:5      | Reached skill level 1 in Armour
  1279 | D:5      | Reached XP level 5. HP: 28/39 MP: 5/5
  1364 | D:6      | Reached skill level 4 in Axes
  1550 | D:6      | Found a sand-covered staircase.
  1554 | Ossuary  | Entered an ossuary
  1571 | Ossuary  | Reached XP level 6. HP: 41/46 MP: 6/6
  1906 | Ossuary  | Reached skill level 5 in Axes
  2086 | Ossuary  | Reached XP level 7. HP: 49/52 MP: 7/7
  2535 | D:6      | Reached skill level 6 in Axes
  2637 | D:7      | Mangled by an ogre

Vault maps used:
D:1:      kennysheep_arrival_seaside
D:2:      grunt_decor_arrowhead
D:3:      lightli_temple_of_fire
D:4:      grunt_gozag_statues, serial_shops, shop, shop_fountains, shop,
          kennysheep_little_box, kennysheep_mini, minmay_unequal, uniq_edmund
D:5:      led_sif_pool, kennysheep_mini_moat,
          minmay_temple_entry_statues_pillars, serial_shops, shop, first_bread
D:6:      enter_ossuary_4, minmay_misc_feat_rugged
D:7:      nicolae_overflow_crystal_walls, serial_shops, nicolae_shop_trees
Ossuary:  ossuary_minmay_four_chambers

Skill      XL: |  1  2  3  4  5  6  7 |
---------------+----------------------+-----
Dodging        | 3 |  3.9
Axes           | 3 4 5 6 |  6.3
Stealth        | 1 2 |  2.1
Armour         | 1 2 3 |  3.1
Fighting       | 3 |  3.8
Throwing       | |  1.8

Action                   |  1- 3 |  4- 6 |  7- 9 || total
-------------------------+-------+-------+-------++-------
Melee: War axe           |    44 |       |       ||    44
       Hand axe          |    37 |   133 |    89 ||   259
  Use: Potion            |       |       |     2 ||     2
 Stab: Sleeping          |     3 |       |       ||     3
       Distracted        |       |     1 |       ||     1
  Eat: Chunk             |       |     1 |     1 ||     2
       Bread ration      |       |     1 |       ||     1
Armor: Leather armour    |    15 |     4 |       ||    19
       Scale mail        |       |    35 |    31 ||    66
Dodge: Dodged            |    57 |    47 |    39 ||   143

Table legend:
 A = Spawn XP
 B = Non-spawn XP
 C = Spawn XP percentage of total XP
 D = Spawn monster count
 E = Non-spawn monster count
 F = Spawn count percentage of total count
 G = Total turns spent on level
                    A         B        C        D         E        F      G
               +---------+---------+-------+---------+---------+-------+---------
         Total |       0 |    1314 |   0.0 |       0 |      62 |   0.0 |  2637
               +---------+---------+-------+---------+---------+-------+---------
           D:1 |       0 |      37 |   0.0 |       0 |      20 |   0.0 |   724
           D:2 |       0 |      21 |   0.0 |       0 |       8 |   0.0 |   201
           D:3 |       0 |       4 |   0.0 |       0 |       2 |   0.0 |   113
           D:5 |       0 |     155 |   0.0 |       0 |       4 |   0.0 |    78
           D:6 |       0 |     319 |   0.0 |       0 |      11 |   0.0 |   434
           D:7 |       0 |      98 |   0.0 |       0 |       2 |   0.0 |    26
       Ossuary |       0 |     680 |   0.0 |       0 |      15 |   0.0 |   853
               +---------+---------+-------+---------+---------+-------+---------
